Map: Purity and Industry LE

Players

푸하핫

  • Race: Protoss Protoss
  • Spawn Location: 12:00

JohnnyV - Winner!

  • Race: Terran Terran
  • League: Silver
  • Spawn Location: 3:00

VOD

Have the link to the VOD?

Description

Time

  • Played on: May 14, 2020, 11:12 a.m.
  • Length: 10:13
Show
View Real Time Build Order
Export as new Build Order

푸하핫 Protoss 

Build Orders:  

Get SALT Encoding   

  12  0:02  Probe  
  13  0:17  Pylon  
  13  0:20  Probe  
  14  0:32  Probe  
  15  0:39  Gateway  
  15  0:47  Forge  
  15  0:51  Probe  
  16  0:58  Assimilator  
  16  1:03  Probe  
  17  1:15  Probe  
  18  1:24  Pylon  
  18  1:26  Zealot  
  18  1:27  Probe  
  21  1:46  Photon Cannon  
  21  1:49  Photon Cannon  
  21  1:53  Zealot  
  23  2:00  Probe  
  24  2:12  Probe  
  25  2:16  Pylon  
  25  2:20  Zealot  
  27  2:24  Probe  
  28  2:31  Cybernetics Core  
  28  2:36  Probe  
  28  2:48  Probe  
  27  2:59  Protoss Ground Weapons Level 1  
  27  3:10  Nexus  
  27  3:14  Assimilator  
  27  3:17  Assimilator  
  27  3:25  Pylon  
  27  3:34  Probe  
  28  3:46  Probe  
  29  3:50  Photon Cannon  
  29  3:56  Photon Cannon  
  29  3:58  Probe  
  30  4:10  Probe  
  30  4:15  Assimilator  
  31  4:17  Zealot  
  31  4:20  Protoss Air Weapons Level 1  
  31  4:22  Probe  
  34  4:27  Probe  
  35  4:35  Probe  
  36  4:39  Probe  
  36  4:44  Zealot  
  39  4:47  Probe  
  39  4:51  Probe  
  41  4:59  Probe  
  42  5:03  Probe  
  42  5:05  Pylon  
  43  5:11  Probe  
  43  5:13  Stargate  
  44  5:15  Probe, Zealot  
  47  5:22  Stargate  
  47  5:23  Probe  
  47  5:27  Probe  
  49  5:35  Probe  
  50  5:39  Probe, Pylon  
  46  5:47  Probe  
  44  5:51  Probe  
  45  5:57  Stalker  
  45  5:59  Probe  
  45  6:03  Probe, Phoenix  
  50  6:11  Probe  
  50  6:12  Phoenix  
  50  6:15  Probe  
  50  6:57  Fleet Beacon  
  50  6:58  Probe  
  51  7:01  Probe  
  52  7:10  Probe  
  52  7:14  Probe  
  54  7:23  Probe  
  54  7:29  Probe  
  56  7:33  Stalker  
  56  7:35  Probe  
  59  7:41  Probe  
  60  7:47  Probe  
  61  7:54  Probe  
  54  7:59  Probe  
  54  8:03  Carrier  
  59  8:11  Probe  
  54  8:27  Photon Cannon  
  54  8:29  Photon Cannon  
  52  8:34  Photon Cannon  
  49  9:28  Shield Battery  
Show
View Real Time Build Order
Export as new Build Order

JohnnyV Terran - Winner!

Build Orders:  

Get SALT Encoding   

  12  0:04  SCV  
  13  0:16  SCV  
  14  0:21  Supply Depot  
  14  0:28  SCV  
  14  0:30  Refinery  
  15  0:43  SCV  
  15  0:46  Barracks  
  16  0:57  Supply Depot  
  16  1:00  SCV  
  17  1:12  SCV  
  18  1:24  SCV  
  19  1:34  Barracks  
  19  1:36  SCV  
  19  1:37  Reaper  
  21  1:48  SCV  
  22  1:56  Bunker  
  22  2:01  Orbital Command  
  22  2:05  Refinery  
  22  2:12  Factory  
  22  2:13  Barracks Tech Lab  
  22  2:23  Marine  
  23  2:32  SCV  
  24  2:44  SCV, Marine  
  24  2:46  Combat Shield  
  25  3:12  Factory Tech Lab  
  25  3:14  Starport  
  25  3:16  Barracks Reactor  
  25  3:17  Marine  
  26  3:20  Command Center  
  26  3:23  SCV  
  27  3:37  Supply Depot  
  27  3:41  Marauder  
  29  3:52  Marine  
  30  3:59  Siege Tank  
  33  4:05  Supply Depot  
  33  4:10  Marauder  
  33  4:11  Marine x2  
  37  4:27  Liberator  
  37  4:28  Supply Depot  
  40  4:31  Marine x2  
  40  4:37  Orbital Command  
  42  4:40  SCV  
  42  4:43  Siege Tank  
  46  5:01  Supply Depot  
  46  5:03  SCV  
  46  5:04  Marine x2  
  46  5:06  Marauder  
  51  5:07  Engineering Bay  
  51  5:20  Starport Reactor  
  51  5:24  Siege Tank  
  51  5:25  Marine  
  51  5:26  Marine  
  56  5:43  Missile Turret  
  56  5:46  Missile Turret  
  56  5:52  Marauder  
  56  5:53  Concussive Shells  
  56  5:54  Marine x2  
  60  6:01  SCV x2  
  62  6:09  Cyclone  
  65  6:14  Supply Depot  
  65  6:20  Missile Turret  
  65  6:27  Marauder  
  65  6:30  Terran Infantry Armor Level 1  
  67  6:35  Medivac  
  69  6:45  Marine x2  
  71  6:58  Marauder  
  70  7:11  Marine x2  
  70  7:13  Cyclone  
  75  7:17  Medivac  
  77  7:30  Marine x2  
  77  7:36  Supply Depot  
  79  7:37  Supply Depot  
  79  7:45  Missile Turret, Widow Mine  
  79  7:46  Marine  
  79  7:48  Marine  
  83  7:57  Marine  
  81  7:59  SCV x2  
  81  8:03  Marine  
  83  8:06  Marine  
  83  8:08  Siege Tank  
  83  8:11  SCV  
  88  8:15  Marine  
  89  8:21  Marine  
  89  8:23  Marine  
  91  8:33  Marine  
  92  8:35  Viking x2  
  96  8:51  Marine x3  
  94  9:20  Marine  
  94  9:21  Marine x2  
  94  9:22  Siege Tank  
  94  9:23  Viking  
  101  9:33  Supply Depot  
  101  9:34  Supply Depot  
  101  9:35  Viking  
  103  9:38  Marine x2  
  103  9:39  Marine  
Tags
 
Add a new tag
Caveats
  • Supply blocks, unpowered buildings, or Contaminate may cause inaccurate times.
  • Supply counts are checked every 10 seconds.